 Dungeon Crawl Stone Soup version 0.21-a0-508-gf08a75f (webtiles) character file.

35 Gerstahl the Charmwright (level 3, -3/33 HPs)
             Began as a Naga Skald on Nov 29, 2017.
             Slain by Sigmund
             ... wielding a +0 antimagic scythe
              (10 damage)
             ... on level 2 of the Dungeon.
             The game lasted 00:04:44 (1868 turns).

Gerstahl the Charmwright (Naga Skald)               Turns: 1868, Time: 00:04:45

Health: -3/33      AC:  3    Str: 14    XL:     3   Next: 33%
Magic:  1/6        EV:  9    Int: 13    God:
Gold:   66         SH:  0    Dex: 10    Spells: 5/6 levels left

rFire    . . .     SeeInvis +   a - +0 falchion
rCold    . . .     Gourm    .   (no shield)
rNeg     . . .     Faith    .   b - +0 leather armour
rPois    +         Spirit   .   (no helmet)
rElec    .         Reflect  .   (no cloak)
rCorr    .         Harm     .   e - +0 pair of gloves
MR       .....                  (no barding)
Stlth    ..........             (no amulet)
HPRegen  0.11/turn              (no ring)
MPRegen  0.10/turn              (no ring)

@: confused, very slow
A: large, see invisible, deformed body, poison resistance, slowness 2, slow
metabolism 1, spit poison 1, AC +1
a: Spit Poison


You were on level 2 of the Dungeon.
You were not hungry.

You visited 1 branch of the dungeon, and saw 2 of its levels.

You collected 66 gold pieces.

Inventory:

Hand Weapons
 a - a +0 falchion (weapon)
Armour
 b - a +0 leather armour (worn)
 e - a +0 pair of gloves (worn)
Scrolls
 g - 2 scrolls of teleportation {unknown}
 i - 2 scrolls of identify {unknown}
 j - a scroll of amnesia {unknown}
 k - a scroll of fear {unknown}
 m - a scroll of noise {unknown}
 n - a scroll of random uselessness {unknown}
Potions
 h - a potion of haste {unknown}
 l - 2 potions of degeneration {unknown}
Books
 c - a book of Battle

   Spells                             Type                      Level
   a - Infusion                       Charms                       1
   b - Shroud of Golubria             Charms/Translocation         2
   c - Song of Slaying                Charms                       2
   d - Spectral Weapon                Hexes/Charms                 3
   e - Regeneration                   Charms/Necromancy            3
Comestibles
 d - 4 bread rations
 f - 2 meat rations


   Skills:
 + Level 2.8 Fighting
 + Level 2.8 Long Blades
 - Level 0.7 Armour
 - Level 1.6 Dodging
 - Level 2.0 Spellcasting
 - Level 3.0 Charms


You had 5 spell levels left.
You knew the following spells:

 Your Spells              Type           Power        Failure   Level  Hunger
a - Infusion              Chrm           #...         9%          1    ##.....


Dungeon Overview and Level Annotations

Branches:
Dungeon (2/15)

Altars:
Fedhas
Nemelex Xobeh
Yredelemnul

Annotations:
D:2 Sigmund


Innate Abilities, Weirdness & Mutations

You cannot wear boots.
Your serpentine skin is tough. (AC +1)
You have supernaturally acute eyesight. (SInv)
Armour fits poorly on your strangely shaped body.
Your system is resistant to poisons. (rPois)
You cover ground very slowly.
You have a slow metabolism.
You can spit poison.


Message History

Sigmund closely misses you.
You hit Sigmund.
Sigmund is almost dead.
Sigmund points at you and mumbles some strange words.
You are confused.
You're too confused!
Firing (i - inventory): No suitable missiles.
Press: ? - help, Shift-Dir - straight line, f/p - Sigmund
Aim: Sigmund, wielding an antimagic scythe and wearing a robe (almost dead, slightly transparent)
Okay, then.
You bump into the rock wall.
Sigmund barely misses you.
You bump into the rock wall.
You bump into the rock wall.
Sigmund points at you and mumbles some strange words.
The magic dart hits you!
* * * LOW HITPOINT WARNING * * *
You bump into the rock wall.
Sigmund closely misses you.
You bump into the rock wall.
Sigmund hits you with an antimagic scythe!
You die...

##.(.## #.#
#..#..#######.#
#.###.........#
#..#..######..######
##...#######.....(..
##.##......<.######
#.##.######## #.##.#
###### #@##.# #≈≈≈..
#@##.# #.≈≈≈≈
#.##.########≈.≈≈≈
#.##.......##≈.≈≈≈
#.########.##.≈≈≈≈
#.# ######.##..≈≈≈
#.# #......##≈.≈≈≈
#.# #.#######≈.≈≈≈
#.# #..≈≈≈


You could see Sigmund (invisible).

Vanquished Creatures
  A worm (D:2)
  3 leopard geckos
  2 giant cockroaches (D:1)
  3 goblins (D:1)
  6 hobgoblins
  3 kobolds (D:1)
  4 bats
  3 frilled lizards (D:1)
  2 rats (D:1)
27 creatures vanquished.

Notes
Turn   | Place    | Note
-------+----------+-------------------------------------------
     0 | D:1      | Gerstahl the Naga Skald began the quest for the Orb.
     0 | D:1      | Reached XP level 1. HP: 19/19 MP: 3/3
   302 | D:1      | Reached XP level 2. HP: 19/26 MP: 5/5
   739 | D:1      | Reached XP level 3. HP: 33/33 MP: 6/6
  1273 | D:2      | Found a faded altar of an unknown god.
  1609 | D:2      | Found a blossoming altar of Fedhas.
  1727 | D:2      | Found a sparkling altar of Nemelex Xobeh.
  1727 | D:2      | Found a basalt altar of Yredelemnul.
  1853 | D:2      | Noticed Sigmund
  1868 | D:2      | Slain by Sigmund

Vault maps used:
D:1:      doesnt_arrival_eight_statues
D:2:      gammafunk_temple_overflow_wave, chequers_ecumenical_altar_island,
          first_bread, fedhas_altar_4, uniq_crazy_yiuf_cottage, uniq_sigmund

Action                   || total
-------------------------++-------
Melee: Falchion          ||    47
 Cast: Infusion          ||     1
 Abil: Spit Poison       ||    21
  Eat: Chunk             ||     3
Armor: Leather armour    ||    26
Dodge: Dodged            ||    40
       Rpst.: Falchion   ||    12

Table legend:
 A = Spawn XP
 B = Non-spawn XP
 C = Spawn XP percentage of total XP
 D = Spawn monster count
 E = Non-spawn monster count
 F = Spawn count percentage of total count
 G = Total turns spent on level
                    A         B        C        D         E        F      G
               +---------+---------+-------+---------+---------+-------+---------
         Total |       0 |      50 |   0.0 |       0 |      27 |   0.0 |  1868
               +---------+---------+-------+---------+---------+-------+---------
           D:1 |       0 |      36 |   0.0 |       0 |      22 |   0.0 |  1087
           D:2 |       0 |      14 |   0.0 |       0 |       5 |   0.0 |   781
               +---------+---------+-------+---------+---------+-------+---------
